 Dungeon Sprint DCSS version 0.28-a0-410-gbef64dd269 (webtiles) character file.

Game seed: 12947308909809982233

350 ugugthedestroyer the Carver (level 6, -11/56 HPs)
             Began as a Draconian Gladiator on Sept 6, 2021.
             Was an Initiate of Zin.
             Mangled by a hellwing (14 damage)
             ... in the Dungeon (Sprint VII: "The Pits").
             The game lasted 00:02:38 (363 turns).

ugugthedestroyer the Carver (Draconian Gladiator)    Turns: 363, Time: 00:02:39

Health: -11/56     AC:  6    Str: 18    XL:     6   Next: 33%
Magic:  6/6        EV: 15    Int:  8    God:    Zin [......]
Gold:   0          SH:  0    Dex: 13    Spells: 5/5 levels left

rFire   . . .      SeeInvis .   n - +2 long sword (flame)
rCold   . . .      Faith    .   (no shield)
rNeg    . . .      Spirit   .   (armour unavailable)
rPois   .          Reflect  .   b - +0 hat
rElec   .          Harm     .   (no cloak)
rCorr   .          Rampage  .   (no gloves)
Will    .....      NoTele   +   (no boots)
Stlth   ++........              (no amulet)
HPRegen 0.18/turn               (no ring)
MPRegen 0.10/turn               (no ring)

@: no status effects
A: AC +6, unfitting armour, cold-blooded
a: Renounce Religion, Donate Gold


You were in the Dungeon.
You worshipped Zin.
Zin was noncommittal.
You visited 1 branch

Inventory:

Hand Weapons
 a - a +0 long sword
 j - a +2 falchion
 n - a +2 long sword of flaming (weapon)
Missiles
 c - 3 throwing nets (quivered)
Armour
 b - a +0 hat (worn)
Scrolls
 i - a scroll of blinking
 l - 5 scrolls of amnesia
 m - a scroll of summoning
Potions
 d - 6 potions of curing
 e - 4 potions of heal wounds
 g - 4 potions of magic
 h - 3 potions of berserk rage
 k - a potion of invisibility


   Skills:
 + Level 5.4 Fighting
 + Level 9.5 Long Blades
 - Level 1.7 Throwing
 + Level 8.6 Dodging
 - Level 1.3 Stealth


You had 5 spell levels left.
You didn't know any spells.
Your spell library was empty.

Dungeon Overview and Level Annotations

Branches:
Dungeon (1/1)

Altars:
Ashenzari
Cheibriados
Dithmenos
Elyvilon
Fedhas
Gozag
Hepliaklqana
Kikubaaqudgha
Makhleb
Nemelex Xobeh
Okawaru
Qazlal
Ru
Sif Muna
Trog
Uskayaw
Vehumet
Wu Jian
Xom
Yredelemnul
Zin
The Shining One
Beogh
Jiyva
Lugonu


Innate Abilities, Weirdness & Mutations

Your plain brown scales are hard. (AC +6)
You cannot fit into any form of body armour.
You are cold-blooded and may be slowed by cold attacks.


Message History

The hellwing is almost dead.
The hellwing closely misses you.
The hellwing hits you but does no damage.
You closely miss the hellwing.
Your tail-slap misses the hellwing.
The hellwing is almost dead.
The hellwing closely misses you. The hellwing misses you.
You hit the hellwing. You burn the hellwing.
The hellwing is almost dead.
The hellwing barely misses you. The hellwing hits you.
You hit the hellwing but do no damage.
The hellwing is almost dead.
The hellwing completely misses you. The hellwing closely misses you.
You feel much better. The hellwing hits you! The hellwing closely misses you.
You hit the hellwing. You burn the hellwing.
The hellwing is almost dead.
The hellwing misses you. The hellwing closely misses you.
You hit the hellwing but do no damage.
Your tail-slap misses the hellwing.
The hellwing is almost dead.
The hellwing barely misses you. The hellwing completely misses you.
You hit the hellwing but do no damage.
The hellwing is almost dead.
The hellwing closely misses you. The hellwing barely misses you.
You closely miss the hellwing.
The hellwing is almost dead.
The hellwing hits you! The hellwing hits you.
You hit the hellwing. You burn the hellwing.
The hellwing is almost dead.
The hellwing hits you!
* * * LOW HITPOINT WARNING * * *
The hellwing completely misses you.
You hit the hellwing. You burn the hellwing.
Your tail-slap misses the hellwing.
The hellwing is almost dead.
The hellwing hits you!
* * * LOW HITPOINT WARNING * * *
The hellwing misses you.
You barely miss the hellwing.
Your tail-slap misses the hellwing.
The hellwing is almost dead.
The hellwing hits you!
You die...

#.#........##.......#
#'###########.......#
#.......# #########
#...#...# #...#...#
#.##.##.#+#
#...#...#.+
#...#...#4#
#.......'@#
###########


You could see a hellwing.

Vanquished Creatures
  A sky beast (D)
  A black bear (D)
  A scorpion (D)
  A gnoll shaman (D)
  Terence (D)
  An iguana (D)
  2 adders (D)
  An ufetubus (D)
  An orc (D)
  A giant cockroach (D)
  2 kobolds (D)
  A ball python (D)
  A bat (D)
  A quokka zombie (D)
  A rat (D)
17 creatures vanquished.

Notes
Turn   | Place    | Note
-------+----------+-------------------------------------------
     0 | D        | ugugthedestroyer the Draconian Gladiator began the quest
                  | for the Orb.
     0 | D        | Reached XP level 1. HP: 17/17 MP: 1/1
    45 | D        | Found a bloodstained altar of Trog.
    45 | D        | Found a shimmering blue altar of Sif Muna.
    45 | D        | Found a viscous altar of Jiyva.
    45 | D        | Found a hazy altar of Hepliaklqana.
    45 | D        | Found an opulent altar of Gozag.
    46 | D        | Found a glowing golden altar of the Shining One.
    46 | D        | Found a glowing silver altar of Zin.
    46 | D        | Found a basalt altar of Yredelemnul.
    46 | D        | Found a shimmering altar of Xom.
    46 | D        | Found an ornate altar of the Wu Jian Council.
    46 | D        | Found a sacrificial altar of Ru.
    46 | D        | Found a stormy altar of Qazlal.
    46 | D        | Found an iron altar of Okawaru.
    46 | D        | Found a sparkling altar of Nemelex Xobeh.
    46 | D        | Found a burning altar of Makhleb.
    46 | D        | Found a blossoming altar of Fedhas.
    46 | D        | Found a white marble altar of Elyvilon.
    46 | D        | Found a shadowy altar of Dithmenos.
    46 | D        | Found a snail-covered altar of Cheibriados.
    48 | D        | Found a radiant altar of Vehumet.
    48 | D        | Found a corrupted altar of Lugonu.
    49 | D        | Found a hide-covered altar of Uskayaw.
    49 | D        | Found an ancient bone altar of Kikubaaqudgha.
    49 | D        | Found a broken altar of Ashenzari.
    52 | D        | Became a worshipper of Zin the Law-Giver
    72 | D        | Noticed a scorpion
    78 | D        | Reached skill level 4 in Long Blades
    78 | D        | Reached XP level 2. HP: 25/25 MP: 2/2
    92 | D        | Killed a scorpion
    93 | D        | Reached skill level 6 in Long Blades
    93 | D        | Reached skill level 5 in Dodging
    93 | D        | Reached skill level 1 in Stealth
    93 | D        | Reached XP level 3. HP: 25/31 MP: 3/3
    93 | D        | Reached XP level 4. HP: 31/39 MP: 4/4
   103 | D        | Noticed Terence
   111 | D        | Killed Terence
   173 | D        | Noticed a sky beast
   174 | D        | Noticed a black bear
   188 | D        | Killed a sky beast
   189 | D        | Reached skill level 8 in Long Blades
   189 | D        | Reached XP level 5. HP: 30/47 MP: 5/5
   199 | D        | Killed a black bear
   200 | D        | Reached skill level 5 in Fighting
   200 | D        | Reached skill level 9 in Long Blades
   200 | D        | Reached XP level 6. HP: 37/56 MP: 6/6
   341 | D        | Noticed a hellwing
   363 | D        | Mangled by a hellwing

Illustrated notes

Levels and vault maps discovered:
D:        pitsprint [storerooms_1, entrance_room_1, metal_vault_4, armoury_2,
          mini_pit_1, grid_room_1, main_hall_1, silver_pit, the_coven_2,
          the_vestibule_1, steel_vault_5, golden_pit, hallway_of_sentries,
          crystal_vault_2, iron_vault_1, final_vault]

Skill      XL: |  1  2  3  4  5 |
---------------+----------------+-----
Dodging        | 3 5 7 8 |  8.6
Long Blades    | 4 6 8 9 |  9.5
Fighting       | 3 4 5 |  5.4
Stealth        | 1 |  1.3
Throwing       | |  1.7

Action                   |  1- 3 |  4- 6 || total
-------------------------+-------+-------++-------
Melee: Falchion          |    23 |    13 ||    36
       Long sword        |     6 |    48 ||    54
       Tailslap          |       |     7 ||     7
  Use: Potion            |       |     4 ||     4
Armor: Skin              |     6 |    13 ||    19
Dodge: Dodged            |    21 |    55 ||    76

Table legend: (Time is in decaauts)
 A = Elapsed time spent in this place.
 B = Non-inter-level travel time spent in this place.
 C = Inter-level travel time spent in this place.
 D = Time resting spent in this place.
 E = Time spent auto-exploring this place.
 F = Levels seen in this place.
 G = Mean time per level.
                   A        B        C        D        E       F      G
               +--------+--------+--------+--------+--------+-----+--------+
         Total |    348 |    348 |      0 |      0 |      0 |   1 |  348.0 |
       Dungeon |    348 |    348 |      0 |      0 |      0 |   1 |  348.0 |
               +--------+--------+--------+--------+--------+-----+--------+

Top non-repeatable levels by time:
       D: 348 daAuts
